 Dungeon Crawl Stone Soup version 0.29.0-13-gc9e81de378 (webtiles) character file.

Game seed: 16168734083084037818

59 Artool the Cudgeller (level 3, 0/28 HPs)
             Began as a Demonspawn Gladiator on Sept 8, 2022.
             Slain by an adder (1 damage)
             ... on level 3 of the Dungeon.
             The game lasted 00:01:27 (2443 turns).

Artool the Cudgeller (Demonspawn Gladiator)         Turns: 2443, Time: 00:01:29

Health: 0/28       AC:  4    Str: 16    XL:     3   Next: 78%
Magic:  3/3        EV: 12    Int: 15    God:
Gold:   131        SH:  0    Dex: 14    Spells: 2/2 levels left

rFire   . . .      SeeInvis .   a - +0 flail
rCold   . . .      Faith    .   (no shield)
rNeg    . . .      Spirit   .   b - +0 leather armour
rPois   +          Reflect  .   c - +0 helmet
rElec   .          Harm     .   (no cloak)
rCorr   .          Rampage  .   (no gloves)
Will    .....                   (no boots)
Stlth   +.........              (no amulet)
HPRegen 0.09/turn               i - ring of poison resistance
MPRegen 0.08/turn               m - +6 ring of intelligence

@: no status effects
A: spiny 1
a: no special abilities


You were on level 3 of the Dungeon.
You visited 1 branch of the dungeon, and saw 4 of its levels.

You collected 131 gold pieces.

Inventory:

Hand Weapons
 a - a +0 flail (weapon)
Missiles
 d - 3 throwing nets (quivered)
 e - a javelin
Armour
 b - a +0 leather armour (worn)
 c - a +0 helmet (worn)
Jewellery
 i - a ring of poison resistance (left hand)
 m - a +6 ring of intelligence (right hand)
Wands
 n - a wand of paralysis (7)
Scrolls
 f - 3 scrolls of acquirement {unknown}
 g - a scroll of vulnerability {unknown}
 h - 2 scrolls of teleportation {unknown}
 j - 3 scrolls of poison {unknown}
 o - a scroll of identify {unknown}
Potions
 k - 4 potions of curing {unknown}
 l - a potion of resistance {unknown}
 p - a potion of invisibility {unknown}


   Skills:
 + Level 2.7 Fighting
 + Level 3.1 Maces & Flails
 - Level 1.7 Throwing
 + Level 1.3 Armour
 + Level 3.1 Dodging


You had 2 spell levels left.
You didn't know any spells.
Your spell library contained the following spells:

 Spells                   Type           Power      Damage    Failure   Level
 Slow                     Hex            0%         N/A       32%         1
 Ozocubu's Armour         Ice            0%         N/A       69%         3
 Ozocubu's Refrigeration  Ice            0%         4d7       100%        7


Dungeon Overview and Level Annotations

Branches:
Dungeon (4/15)
 Temple: D:4-7

Altars:
Gozag
Xom


Innate Abilities, Weirdness & Mutations

You are partially covered in sharp spines.


Message History

The orc hits you with a +0 whip. The orc is struck by your spines.
You kill the orc!
You are too injured to fight recklessly!
You are too injured to fight recklessly!
The adder attacks as you move away! The adder is struck by your spines.
The adder barely misses you. The adder is struck by your spines.
The adder bites you. The orc attacks as you move away!
The orc barely misses you. The orc attacks as you move away!
The orc is struck by your spines. The orc hits you but does no damage.
The adder bites you.
* * * LOW HITPOINT WARNING * * *
You are poisoned.
The adder poisons you! The orc attacks as you move away!
The orc closely misses you.
* * * LOW HITPOINT WARNING * * *
You feel sick. The orc attacks as you move away!
The orc hits you but does no damage.
* * * LOW HITPOINT WARNING * * *
You feel sick.
There is a stone staircase leading up here.
* * * LOW HITPOINT WARNING * * *
You feel sick. The adder is struck by your spines.
The adder closely misses you. The orc closely misses you.
The adder barely misses you.
You climb upwards.
* * * LOW HITPOINT WARNING * * *
You feel sick.
There is a stone staircase leading down here.
You are too injured to fight recklessly!
You are too injured to fight recklessly!
You are too injured to fight recklessly!
You are too injured to fight recklessly!
You barely miss the adder.
The adder is almost dead.
* * * LOW HITPOINT WARNING * * *
You feel sick.
You are no longer poisoned.
The adder bites you.
You die...

####.## ####.......#####.......
......## ##....##......##(.......
.......###..##########รท##..######
........##.## ########.....###.PP
...........# #.....<......# ....
.........### #.......###..######
........## #.....).# ##.......
........# #o.S....# #........
.......## #.@.....# #........
........# #####.######........
........# #.........##........
........# #...................
........# #.........###.......
........# ########### ##......
.......## ####### ......## #######


You could see an adder and an orc.

Vanquished Creatures
  2 adders
  A worm (D:2)
  2 dart slugs (D:2)
  2 orcs (D:4)
  2 giant cockroaches
  4 goblins
  2 hobgoblins
  6 kobolds
  A quokka (D:3)
  3 ball pythons (D:3)
  4 bats
  4 frilled lizards
  A rat (D:2)
34 creatures vanquished.

Notes
Turn   | Place    | Note
-------+----------+-------------------------------------------
     0 | D:1      | Artool the Demonspawn Gladiator began the quest for the
                  | Orb.
     0 | D:1      | Reached XP level 1. HP: 16/16 MP: 1/1
   323 | D:1      | Found a faded altar of an unknown god.
   338 | D:1      | Got Plato's Compendium of the Secret Violins
   519 | D:1      | Gained mutation: You are partially covered in sharp spines.
                  | [demonic ancestry]
   519 | D:1      | Reached XP level 2. HP: 16/22 MP: 2/2
  1130 | D:2      | Reached skill level 1 in Armour
  1229 | D:2      | Reached XP level 3. HP: 28/28 MP: 3/3
  1898 | D:3      | Found an opulent altar of Gozag.
  2145 | D:3      | Found a shimmering altar of Xom.
  2443 | D:3      | HP: 1/28 [poisoned by an adder]
  2443 | D:3      | Slain by an adder

Illustrated notes

Levels and vault maps discovered:
D:1:      dpeg_arrival_line_fractal, layout_loops_cross,
          shapermc_ecumenical_altar_rom_forum
D:2:      layout_basic
D:3:      layout_rooms, mainiacjoe_overflow_tiny_flanked, old_standard_altar,
          serial_aquarium, aquarium_bridge_square [aquarium_subvault_bridge,
          aquarium_subvault_window, aquarium_subvault_bridge,
          aquarium_subvault_wall], aquarium_window_corner, aquarium_window_1,
          aquarium_window_1, aquarium_window_fake, aquarium_view_2f,
          aquarium_pool_four
D:4:      layout_gridville, nicolae_ru_path_of_blood, uniq_sigmund,
          uniq_eustachio

Skill      XL: |  1  2 |
---------------+-------+-----
Maces & Flails | 3 |  3.1
Dodging        | 3 |  3.1
Armour         | 1 |  1.3
Fighting       | |  2.7
Throwing       | |  1.7

Action                   || total
-------------------------++-------
Melee: Flail             ||    63
Armor: Leather armour    ||    18
Dodge: Dodged            ||    50
